 Dungeon Crawl Stone Soup version 0.31-a0-204-g7da18cac08 (webtiles) character file.

Game seed: 3718466914201748915

39 qw the Shooter (level 3, -5/20 HPs)
             Began as a Deep Elf Hunter on June 27, 2023.
             Slain by an ogre
             ... wielding a +0 giant club
              (7 damage)
             ... on level 4 of the Dungeon.
             The game lasted 00:00:25 (845 turns).

qw the Shooter (Deep Elf Hunter)                     Turns: 845, Time: 00:00:25

Health: -5/20      AC:  6    Str: 10    XL:     3   Next: 28%
Magic:  5/5        EV:  9    Int: 13    God:
Gold:   33         SH:  0    Dex: 18    Spells: 2/2 levels left

rFire   . . .        Y - +1 shortbow
rCold   . . .        (shield currently unavailable)
rNeg    . . .        j - +0 scale mail
rPois   .            (no helmet)
rElec   .            (no cloak)
rCorr   .            (no gloves)
SInv    +            (no boots)
Will    .....        (no amulet)
Stlth   +            e - ring of see invisible
HPRegen 0.23/turn    (no ring)
MPRegen 0.09/turn

%: no passive effects
@: no status effects
A: no striking features
a: no special abilities


You were on level 4 of the Dungeon.
You visited 1 branch of the dungeon, and saw 3 of its levels.

You collected 33 gold pieces.


   Skills:
 - Level 1.5 Fighting
 + Level 6.9 Ranged Weapons
 - Level 2.4 Dodging
 - Level 1.2 Stealth


You had 2 spell levels left.
You didn't know any spells.
Your spell library was empty.

Inventory:

Hand Weapons
 Y - a +1 shortbow (weapon)
Armour
 j - a +0 scale mail (worn)
Jewellery
 e - a ring of see invisible (left hand)
Potions
 f - a potion of resistance {unknown}
 g - a potion of heal wounds {unknown}

Dungeon Overview and Level Annotations

Branches:
Dungeon (2/15)

Altars:

Shops:
D:1 ::


Message History

You kill the endoplasm!
You start resting.
A goblin comes into view. It is wielding a +0 dagger.
You shoot an arrow. The goblin shouts!
The arrow hits the goblin!
You kill the goblin!
You start resting.
A ball python comes into view.
You shoot an arrow. The arrow hits the ball python.
The ball python is moderately wounded.
You shoot an arrow. The arrow hits the ball python.
You kill the ball python!
You start resting.
HP restored.
You see here a worm corpse.
Found 5 poisoned darts.
Found a stone staircase leading down.
Found an escape hatch in the ceiling.
There is an escape hatch in the ceiling here.
You now have 33 gold pieces (gained 8).
There is a stone staircase leading down here.
Found an escape hatch in the floor.
An ogre comes into view. It is wielding a +0 giant club.
The ogre shouts!
You see here a lumpy black potion.
You shoot an arrow. The arrow barely misses the ogre.
You shoot an arrow. The arrow hits the ogre.
The ogre is moderately wounded.
You shoot an arrow. The arrow hits the ogre!
The ogre is heavily wounded.
You shoot an arrow. The arrow hits the ogre.
The ogre is heavily wounded.
You shoot an arrow. The arrow completely misses the ogre.
The ogre hits you with a +0 giant club!!
Ouch! That really hurt!
You shoot an arrow. The arrow hits the ogre.
The ogre is heavily wounded.
The ogre hits you with a +0 giant club!
You die...

##.##...........##
#.<#.............
#....#...........
#.####.........#
#.# #.........
######......(.
##..>.......
#..###......
#$O@.>..#.##
.........$....#
............###
#..#.######### #.
#. . .. ..


You could see an ogre.

Vanquished Creatures
  A worm (D:4)
  3 dart slugs (D:1)
  2 endoplasms
  2 giant cockroaches (D:1)
  5 goblins
  2 hobgoblins (D:1)
  4 jackals (D:1)
  A quokka (D:1)
  A ball python (D:4)
  A bat (D:1)
  A frilled lizard (D:1)
  2 kobolds (D:1)
  3 rats
28 creatures vanquished.

Notes
Turn   | Place    | Note
-------+----------+-------------------------------------------
     0 | D:1      | qw the Deep Elf Hunter began the quest for the Orb.
     0 | D:1      | Reached XP level 1. HP: 12/12 MP: 3/3
     0 | D:1      | 0 ||| qw: Version: 0.3-a-22-g0ed2b0b
     0 | D:1      | 0 ||| qw: Game counter: 6559
     0 | D:1      | 0 ||| qw: Melee chars always use a shield: true
     0 | D:1      | 0 ||| qw: God list: Okawaru
     0 | D:1      | 0 ||| qw: Allow faded altars: false
     0 | D:1      | 0 ||| qw: Do Orc after clearing Dungeon:15 true
     0 | D:1      | 0 ||| qw: Do second Lair branch before Depths: true
     0 | D:1      | 0 ||| qw: Lair rune preference: random
     0 | D:1      | 0 ||| qw: Goals: Normal
     0 | D:1      | 0 ||| PLANNING D:1-11
   206 | D:1      | Reached skill level 6 in Ranged Weapons
   206 | D:1      | Reached XP level 2. HP: 16/16 MP: 4/4
   210 | D:1      | Found Modumap's Book Boutique.
   265 | D:1      | Found Vahafuq's Book Shop.
   322 | D:1      | 322 ||| FLEEEEING.
   333 | D:1      | 333 ||| FLEEEEING.
   521 | D:1      | Reached XP level 3. HP: 20/20 MP: 5/5
   582 | D:1      | Found Qiys's Weapon Emporium.
   683 | D:1      | 683 ||| UPGRADING to +0 scale mail.
   693 | D:1      | 693 ||| DROPPING +0 leather armour.
   694 | D:1      | 694 ||| UPGRADING to ring of see invisible.
   695 | D:1      | 695 ||| READING scroll labelled EJIAHUEV GIAL.
   696 | D:1      | 696 ||| READING scroll labelled COADEAF XURUHU.
   697 | D:1      | 697 ||| READING scroll labelled ASTRAGA ILIGAPH.
   698 | D:1      | 698 ||| READING scroll labelled TEBIEMM FEIZO.
   699 | D:1      | 699 ||| DROPPING scroll of butterflies.
   764 | D:2      | You fall into a shaft and drop 2 floors!
   839 | D:4      | Noticed an ogre
   844 | D:4      | HP: 1/20 [ogre/+0 giant club (19)]
   845 | D:4      | Slain by an ogre

Levels and vault maps discovered:
D:1:      minmay_arrival_widening_spiral_wide, layout_loops_ring, serial_shops,
          shop, nicolae_shop_statue_plus, nicolae_shop_waterfront,
          minmay_misc_feat_enclosed
D:2:      layout_loops_cross
D:4:      layout_rooms, nicolae_overflow_hallway_of_the_gods, st_stairs_1

Skill      XL: |  1 |
---------------+----+-----
Ranged Weapons | 6 |  6.9
Fighting       | |  1.5
Dodging        | |  2.4
Stealth        | |  1.2

Action                     || total
---------------------------++-------
   Fire: Shortbow          ||    77
    Use: Scroll            ||     4
 Armour: Leather armour    ||     4
         Scale mail        ||     1
  Dodge: Dodged            ||    14

Table legend:
 A = Non-vault XP
 B = Vault XP
 C = Vault XP percentage of total XP
 D = Non-vault monster count
 E = Vault monster count
 F = Vault count percentage of total count
                 A         B        C        D         E       F
            +---------+---------+-------+---------+---------+-------
      Total |      57 |       0 |   0.0 |      28 |       0 |   0.0
            +---------+---------+-------+---------+---------+-------
        D:1 |      47 |       0 |   0.0 |      23 |       0 |   0.0
        D:2 |       1 |       0 |   0.0 |       1 |       0 |   0.0
        D:4 |       9 |       0 |   0.0 |       4 |       0 |   0.0
            +---------+---------+-------+---------+---------+-------
